 Dungeon Crawl Stone Soup version 0.17.1-2-g5865329 (webtiles) character file.

138 ololoev the Chopper (level 5, -2/61 HPs)
             Began as a Demonspawn Berserker on Jan 22, 2016.
             Was a Follower of Trog.
             Slain by a goblin (5 damage)
             ... led by Robin
             ... on level 4 of the Dungeon.
             The game lasted 00:04:19 (462 turns).

ololoev the Chopper (Demonspawn Berserker)           Turns: 462, Time: 00:04:19

Health: -2/61      AC:  3    Str: 23    XL:     5   Next: 1%
Magic:  5/5        EV: 14    Int:  8    God:    Trog [*.....]
Gold:   48         SH:  0    Dex: 13    Spells: 0 memorised, 4 levels left

rFire  . . .     SeeInvis .     a - +0 hand axe
rCold  . . .     Clarity  .     b - +0 animal skin
rNeg   . . .     SustAt   .     (no shield)
rPois  .         Gourm    .     e - +0 helmet
rElec  .         Spirit   .     (no cloak)
rCorr  +         Warding  .     (no gloves)
rMut   .         Stasis   .     (no boots)
MR     .....                    h - amulet of resist corrosion
Stlth  ..........               (no ring)
                                j - +2 ring of evasion

@: berserking, very quick, not resistant to hostile enchantments, extremely
unstealthy
A: claws 2, rot immunity
a: Berserk, Burn Spellbooks, Renounce Religion


Innate Abilities, Weirdness & Mutations

You have very sharp fingernails.
You are immune to rotting.

Inventory:

Hand Weapons
 a - a +0 hand axe (weapon)
 d - a +1 mace of protection
Armour
 b - a +0 animal skin (worn)
 e - a +0 helmet (worn)
Jewellery
 h - an amulet of resist corrosion (around neck)
 j - a +2 ring of evasion (left claw)
Scrolls
 i - 4 scrolls of identify {unknown}
 k - 2 scrolls of teleportation {unknown}
Potions
 m - 2 potions of brilliance {unknown}
 n - a potion of berserk rage {unknown}
Comestibles
 c - a bread ration
 f - 4 chunks of flesh
 g - 2 beef jerkies
 l - 2 fruits


   Skills:
 - Level 3.0 Fighting
 * Level 4.5 Axes
 + Level 3.1 Armour
 - Level 1.7 Dodging


You had 4 spell levels left.
You didn't know any spells.


You were on level 4 of the Dungeon.
You worshipped Trog.
Trog was aware of your devotion.
You were not hungry.

You visited 1 branch of the dungeon, and saw 4 of its levels.

You collected 48 gold pieces.

.................#.....
................#.......
$...............####...(
................# #....
.............########...
........................
...........#############
.......g...# #
.....gg@)..# #
......g....# #
....gg.g...# #
...o.gh....# #
...g.......# #
...........# #
...........#
...........#

Notes
Turn   | Place    | Note
--------------------------------------------------------------
     0 | D:1      | ololoev the Demonspawn Berserker began the quest for the Orb.
     0 | D:1      | Reached XP level 1. HP: 18/18 MP: 1/1
   119 | D:2      | Gained mutation: You are immune to rotting. [demonic ancestry]
   119 | D:2      | Reached XP level 2. HP: 16/24 MP: 2/2
   204 | D:2      | Found a faded altar to an unknown god.
   213 | D:2      | Gained mutation: You have sharp fingernails. [demonic ancestry]
   213 | D:2      | Reached XP level 3. HP: 15/29 MP: 3/3
   252 | D:3      | Found a shimmering altar of Xom.
   252 | D:3      | Found a shimmering altar of Xom.
   256 | D:3      | Found a shimmering altar of Xom.
   257 | D:3      | Noticed Natasha
   389 | D:4      | Found a stormy altar of Qazlal.
   389 | D:4      | Found a shadowy altar of Dithmenos.
   408 | D:4      | Noticed a centaur
   422 | D:4      | Killed a centaur
   422 | D:4      | Reached skill level 4 in Axes
   422 | D:4      | Gained mutation: You have very sharp fingernails. [demonic ancestry]
   422 | D:4      | Reached XP level 4. HP: 9/35 MP: 4/4
   455 | D:4      | Noticed Robin
   461 | D:4      | Reached XP level 5. HP: 3/41 MP: 5/5
   462 | D:4      | Slain by a goblin

Dungeon Overview and Level Annotations

Branches:
Dungeon (4/15)
 Temple: D:4-7

Altars:
Dithmenos
Qazlal
Xom

Annotations:
D:4 Robin


Message History

You feel yourself moving faster!
You feel mighty!
You feel somewhat more hungry.
The goblin shouts! x2
The orc shouts!
The jackal barks!
The jackal bites you but does no damage.
The goblin hits you with a club. The goblin hits you.
The goblin barely misses you. x2
The jackal bites you. Robin throws the goblin at you!
The goblin closely misses you.
Unknown command.
You closely miss the goblin. You barely miss the goblin. You slash the goblin!
You feel the power of Trog in you as your rage grows.
You kill the goblin!
Trog accepts your kill.
You barely miss the jackal. You hit the goblin.
You kill the goblin!
Trog accepts your kill.
You closely miss the goblin. x2
The jackal bites you.
Unknown command.
You completely miss the goblin. x2
You hit the goblin.
You kill the goblin!
Trog accepts your kill.
You slash the jackal!
You kill the jackal!
Trog accepts your kill.
You slash the goblin!
You kill the goblin!
Trog accepts your kill.
You have reached level 5!
You miss the goblin. The goblin closely misses you.
Robin roars a battlecry!
The goblins go into a battle-frenzy!
You barely miss the goblin. x2
You hit the jackal.
You kill the jackal!
Trog accepts your kill.
You closely miss the goblin. The goblin hits you.
You die...

You could see Robin, an orc, a jackal, a hobgoblin (frenzied) and 7 goblins.

Vanquished Creatures
  A centaur (D:4)
  3 adders
  A giant gecko (D:2)
  A bat (D:2)
  3 giant cockroaches
  4 hobgoblins
  2 kobolds (D:2)
  A ball python (D:3)
  A giant newt (D:2)
  6 goblins
  2 jackals (D:4)
  2 quokkas (D:4)
  3 rats
30 creatures vanquished.

Action                   |  1- 3 |  4- 6 || total
-------------------------+-------+-------++-------
Melee: Hand axe          |    18 |     3 ||    21
       Mace              |    56 |       ||    56
Invok: Berserk           |     1 |     1 ||     2
 Stab: Sleeping          |     1 |       ||     1

Vault maps used:
D:1:      onia_arrival_pyramid, hex_intersection, minmay_misc_feat_five,
          grunt_decor_one_mirror
D:2:      ecumenical_altar_2
D:3:      xom_redecorated, minivault_11, uniq_jessica, uniq_crazy_yiuf_cottage,
          uniq_natasha
D:4:      yredelemnul_forgotten_temple_becter, gammafunk_temple_overflow_wave,
          first_bread, wad_floor_pattern_1, uniq_robin
